 Dungeon Crawl Stone Soup version 0.19-a0-994-g3c636f0 (webtiles) character file.

90028 Ijustatesigmund the Severer (level 15, -1/131 HPs)
             Began as a Demonspawn Berserker on July 15, 2016.
             Was a High Priest of Trog.
             Blown up by a conjurer statue (64 damage)
             ... with an orb of destruction
             ... in a wizard's laboratory.
             The game lasted 01:02:51 (22718 turns).

Ijustatesigmund the Severer (Demonspawn Berserker) Turns: 22718, Time: 01:02:52

Health: -1/131     AC: 25    Str: 16 (17) XL:     15   Next: 51%
Magic:  18/18      EV:  7    Int: 11      God:    Trog [*****.]
Gold:   1612       SH: 13    Dex: 24      Spells: 0 memorised, 14 levels left

rFire  + + .     SeeInvis +     q - +10 broad axe "Torghai" {flame, rF+}
rCold  . . .     Gourm    .     J - +3 plate armour {rF+}
rNeg   . . .     Faith    .     j - +1 shield
rPois  .         Spirit   .     (helmet unavailable)
rElec  +         Dismiss  .     (no cloak)
rCorr  .         Reflect  .     G - +3 pair of gauntlets of War {Slay+5}
SustAt .         Harm     .     S - +1 pair of boots
MR     ++...                    o - amulet "Oraoc" {RegenMP rElec Dex+7}
Stlth  ..........               l - +3 ring of protection
                                C - ring of protection from magic

@: studying Axes, very resistant to hostile enchantments, extremely unstealthy
A: antennae 3, deterioration 1, spiny 3
a: Berserk, Trog's Hand, Brothers in Arms, Burn Spellbooks, Renounce Religion


You were in a wizard's laboratory.
You worshipped Trog.
Trog was extremely pleased with you.
You were not hungry.

You visited 4 branches of the dungeon, and saw 24 of its levels.
You also visited: Labyrinth, Volcano and Wizlab.

You collected 2476 gold pieces.
You spent 864 gold pieces at shops.

Inventory:

Hand Weapons
 q - the +10 broad axe "Torghai" (weapon) {flame, rF+}
   (Trog gifted it to you on level 2 of the Orcish Mines)

   It has been specially enchanted to burn those struck by it, causing extra
   injury to most foes and up to half again as much damage against particularly
   susceptible opponents.
   Big, fiery blades are also staple armaments of hydra-hunters.
   It protects you from fire.
 s - a cursed +0 broad axe
 x - a +7 war axe of protection
Armour
 j - a +1 shield (worn)
 D - a +0 fire dragon armour
 G - the +3 pair of gauntlets of War (worn) {Slay+5}
   (You found it in a labyrinth)

   It affects your accuracy and damage with ranged weapons and melee attacks
   (+5).
 J - a +3 plate armour of fire resistance (worn)
 S - a +1 pair of boots (worn)
Jewellery
 e - an uncursed ring of protection from magic
 l - a +3 ring of protection (right hand)
 o - the amulet "Oraoc" (around neck) {RegenMP rElec Dex+7}
   (You found it on level 11 of the Dungeon)

   [amulet of magic regeneration]

   It increases your magic regeneration.
   It affects your dexterity (+7).
   It insulates you from electricity.
 r - an uncursed ring of resist corrosion
 w - an uncursed ring of protection from fire
 A - an uncursed amulet of regeneration
 C - a ring of protection from magic (left hand)
 I - an uncursed ring of sustain attributes
 N - an uncursed ring of ice
 R - an uncursed ring of stealth
Wands
 k - a wand of confusion (41/48)
 z - a wand of disintegration (9/24)
 E - a wand of iceblast (4/15)
 M - a wand of lightning (1/15)
Scrolls
 h - 5 scrolls of teleportation
 i - 6 scrolls of fear
 n - 17 scrolls of remove curse
 u - 2 scrolls of immolation
 v - 7 scrolls of recharging
 y - a scroll of magic mapping
 K - 5 scrolls of identify
 O - a scroll of blinking
Potions
 a - 2 potions of flight
 b - 3 potions of heal wounds
 g - 4 potions of resistance
 m - 5 potions of berserk rage
 p - 3 potions of brilliance
 t - 12 potions of curing
 B - 4 potions of ambrosia
 F - a potion of magic
 H - 3 potions of agility
 L - 2 potions of mutation
 P - 2 potions of cancellation
 Q - 3 potions of lignification
Books
 f - a manual of Axes
Comestibles
 c - 6 bread rations
 d - 10 meat rations


   Skills:
 + Level 16.0 Fighting
 + Level 16.9 Axes
 - Level 6.0 Armour
 - Level 6.2 Dodging
 - Level 8.8 Shields
 - Level 4.0 Evocations


You had 14 spell levels left.
You didn't know any spells.

Dungeon Overview and Level Annotations

Branches:
Dungeon (15/15)            Temple (0/1) D:6            Lair (6/6) D:11
 Shoals (0/4) Lair:4        Snake (0/4) Lair:3        Slime (0/5) Lair:5
    Orc (2/2) D:9             Elf (0/3) Orc:2        Vaults (0/5) D:13
 Depths (1/5) D:15

Altars:
Ashenzari
Dithmenos
Elyvilon
Makhleb
Sif Muna
Trog
Uskayaw
Vehumet
Xom
Zin
Beogh
Jiyva
Lugonu

Shops:
D:4 ?   Orc:2 =[*(

Portals:
Pandemonium: Depths:1

Annotations:
D:8 exclusion: statue WizLab exclusion: 2 statues


Innate Abilities, Weirdness & Mutations

You have a pair of large antennae on your head. (SInv)
You are completely covered in sharp spines.
Your body sometimes deteriorates upon taking damage.


Message History

a dagger; a leather armour; an elf skeleton Really walk into a travel-excluded area?
The conjurer statue launches a ball of destructive magic.
An orb of destruction comes into view.
Evoke which item? (* to show all) (? for menu, Esc to quit)
Zapping:
z - a wand of disintegration (will waste charges)
Press: ? - help, Shift-Dir - straight line, f - orb of destruction
Aim: an orb of destruction (magic immune)
The conjurer statue is unaffected.
Evoking this partially-identified wand wasted a few charges.
The conjurer statue launches a ball of destructive magic.
The orb of destruction hits you!
Ouch! That really hurt!
A purple draconian comes into view. It is wielding a long sword.
The purple draconian roars!
An orb of destruction comes into view.
The conjurer statue launches a ball of destructive magic.
An orb of destruction comes into view.
The orb of destruction hits you!
You die...

#. ...*....###
#.##.d§.§§§#.# ##
#....§§§§§§##
##.###....*...#.#
#.#.#.....§....## ###
#.#......§...#.# .
..###....)).§....##
#. #.#...)))...§.##.#
..e#......)....§@.§##
..§..............##§#
.8§...)........§.#∩##
§...............§##§#
.#.........)#.###§#§#
#.#.#.#.#.#.#.# #§##
##.#.#.#.#§#.# ##
#############


You could see a purple draconian.

Vanquished Creatures
  Frances (D:12)
  Gastronok (D:9)
  A stone giant (Orc:1)
  3 purple draconians (WizLab)
  Nessos (Lair:6)
  The ghost of HAL9000 the Timeless, a journeyman DrTm of Cheibriados (Lair:4)
  Snorg (Lair:6)
  A minotaur (Lab)
  A statue (WizLab)
  A yaktaur captain (D:15)
  A rakshasa (D:14)
  Fannar (D:12)
  A hell beast (Depths:1)
  3 hydras
  A catoblepas (Lair:6)
  Erica (Lair:1)
  4 centaur warriors
  An ogre mage (D:12)
  2 dancing weapons (D:13)
  A tengu warrior (D:15)
  A deep troll shaman (Lair:6)
  5 death yaks (Lair:6)
  Urug (Orc:2)
  An orc high priest (Orc:2)
  A salamander mystic (Volcano)
  3 unseen horrors
  7 hill giants
  A lindwurm (Lair:6)
  10 deep elf magi
  5 salamanders (Volcano)
  3 orc knights (Orc:2)
  5 cyclopes
  An orc sorcerer (Orc:2)
  A griffon (Lair:4)
  An ugly thing (D:12)
  4 manticores
  A sixfirhy (Depths:1)
  4 sirens (Lair:4)
  3 elephants (Lair:6)
  4 black mambas
  3 spiny frogs (Lair:6)
  A gargoyle (D:13)
  3 orange demons (Depths:1)
  A yaktaur (D:15)
  6 kobold demonologists
  6 komodo dragons
  A tengu conjurer (D:15)
  A queen bee (D:10)
  5 trolls
  3 two-headed ogres
  4 slime creatures (Depths:1)
  31 blink frogs
  A blink frog (shapeshifter) (D:14)
  A shadow (D:15)
  3 redbacks (Lab)
  2 wyverns
  A basilisk (Lair:6)
  2 wraiths
  35 yaks
  5 hippogriffs
  Grum (Lair:1)
  3 hungry ghosts
  3 mottled dragons
  4 nagas (Lair:3)
  2 wargs (Orc:1)
  A soldier ant (D:12)
  3 porcupines
  10 water moccasins
  A black bear (Lair:6)
  2 eyes of draining
  A necrophage (D:3)
  3 sky beasts
  30 orc warriors
  4 phantoms
  2 ice beasts
  10 centaurs
  21 ogres
  7 wolves
  10 crocodiles
  2 big kobolds (D:9)
  18 giant frogs
  A gnoll sergeant (D:13)
  A wyvern zombie (D:15)
  2 wyvern skeletons
  5 scorpions
  2 troll zombies (D:9)
  15 killer bees
  8 wights
  4 howler monkeys
  2 electric eels (Lair:6)
  8 crimson imps
  3 centaur zombies
  A wasp zombie (D:8)
  A giant frog zombie (D:13)
  17 orc priests
  25 orc wizards
  A giant frog skeleton (D:11)
  7 hounds
  5 centaur skeletons
  5 jellies
  Terence (D:2)
  13 worker ants
  6 iguanas
  Ijyb (D:2)
  A hell rat (Lair:3)
  14 sheep (Lair:6)
  6 ogre zombies (D:9)
  2 hound skeletons
  A worker ant zombie (D:11)
  Robin (D:2)
  5 gnolls (D:13)
  13 adders
  14 river rats
  4 shadow imps
  6 oozes
  An adder skeleton (D:9)
  2 worms (D:2)
  4 dart slugs
  6 giant geckos
  63 orcs
  4 giant cockroaches
  13 goblins
  20 hobgoblins
  5 jackals
  9 kobolds
  6 quokkas
  2 ball pythons
  6 bats
  2 giant newts
  2 goblin skeletons (D:9)
  2 goblin zombies (D:9)
  A hobgoblin skeleton (D:9)
  A hobgoblin zombie (D:9)
  An orc skeleton (D:9)
  18 orc zombies (D:9)
  15 rats
  6 fungi
733 creatures vanquished.

Vanquished Creatures (collateral kills)
  An orc warlord (Orc:2)
  An orc high priest (Orc:2)
  An orc sorcerer (Orc:2)
  2 orc warriors (Orc:2)
  An orc priest (Orc:2)
6 creatures vanquished.

Vanquished Creatures (others)
  2 demonic plants (D:13)
  13 fungi
  16 plants
31 creatures vanquished.

Grand Total: 770 creatures vanquished

Notes
Turn   | Place    | Note
-------+----------+-------------------------------------------
     0 | D:1      | Ijustatesigmund the Demonspawn Berserker began the quest for the Orb.
     0 | D:1      | Reached XP level 1. HP: 18/18 MP: 1/1
   375 | D:1      | Gained mutation: You are partially covered in sharp spines. [demonic ancestry]
   375 | D:1      | Reached XP level 2. HP: 24/24 MP: 2/2
  1053 | D:2      | Noticed Ijyb
  1056 | D:2      | Gained mutation: You are mostly covered in sharp spines. [demonic ancestry]
  1056 | D:2      | Reached XP level 3. HP: 29/29 MP: 3/3
  1072 | D:2      | Killed Ijyb
  1072 | D:2      | Reached ** piety under Trog
  1484 | D:2      | Noticed Terence
  1487 | D:2      | Noticed Robin
  1489 | D:2      | Killed Terence
  1489 | D:2      | Gained mutation: You have a pair of small antennae on your head. [demonic ancestry]
  1489 | D:2      | Reached XP level 4. HP: 29/37 MP: 4/4
  1501 | D:2      | Killed Robin
  1812 | D:2      | Found a glowing silver altar of Zin.
  2206 | D:3      | Noticed a necrophage
  2218 | D:3      | Killed a necrophage
  2218 | D:3      | Reached XP level 5. HP: 38/42 MP: 5/5
  2263 | D:3      | Reached skill level 5 in Fighting
  2438 | D:3      | Reached *** piety under Trog
  2439 | D:3      | Reached XP level 6. HP: 50/50 MP: 6/6
  2935 | D:4      | Reached skill level 5 in Axes
  3240 | D:4      | Found Yvithoh's Magic Scroll Shop.
  3265 | D:4      | Gained mutation: You have a pair of antennae on your head. [demonic ancestry]
  3265 | D:4      | Reached XP level 7. HP: 49/56 MP: 7/7
  3278 | D:4      | Found a burning altar of Makhleb.
  3279 | D:4      | Found a shimmering altar of Xom.
  3583 | D:5      | Entered Level 5 of the Dungeon
  3795 | D:4      | Bought a scroll of brand weapon for 240 gold pieces
  3862 | D:5      | Found a shattered altar of Ashenzari.
  4121 | D:6      | Reached **** piety under Trog
  4148 | D:6      | Found a staircase to the Ecumenical Temple.
  4172 | D:6      | Found a hide-covered altar of Uskayaw.
  4230 | D:6      | Reached XP level 8. HP: 49/64 MP: 8/8
  4948 | D:7      | Found a white marble altar of Elyvilon.
  5257 | D:7      | Found a hide-covered altar of Uskayaw.
  5402 | D:7      | Found a bloodstained altar of Trog.
  5604 | D:7      | Received a gift from Trog
  5733 | D:7      | Gained mutation: You have a pair of large antennae on your head. (SInv) [demonic ancestry]
  5733 | D:7      | Reached XP level 9. HP: 72/72 MP: 9/9
  5913 | D:8      | Found a radiant altar of Vehumet.
  5935 | D:8      | Reached skill level 1 in Shields
  6169 | D:8      | Found a bloodstained altar of Trog.
  6169 | D:8      | Found a deep blue altar of Sif Muna.
  6253 | D:8      | Reached ***** piety under Trog
  6517 | D:9      | Found a staircase to the Orcish Mines.
  6692 | D:9      | Noticed a kobold demonologist
  6700 | D:9      | Noticed a rust devil
  6701 | D:9      | Noticed an ice devil
  6707 | D:9      | Killed a kobold demonologist
  6949 | D:9      | Noticed Gastronok
  6963 | D:9      | Killed Gastronok
  6963 | D:9      | Reached skill level 5 in Shields
  6963 | D:9      | Reached XP level 10. HP: 79/79 MP: 10/10
  7377 | D:10     | Entered Level 10 of the Dungeon
  7664 | D:10     | Received a gift from Trog
  7965 | D:10     | Reached skill level 10 in Axes
  7995 | D:10     | Noticed a manticore
  8006 | D:10     | Killed a manticore
  8424 | D:11     | Noticed a hill giant
  8435 | D:11     | Killed a hill giant
  8637 | D:11     | Noticed a four-headed hydra
  8651 | D:11     | Killed a 12-headed hydra
  8651 | D:11     | Gained mutation: You are completely covered in sharp spines. [demonic ancestry]
  8651 | D:11     | Reached XP level 11. HP: 77/85 MP: 11/11
  8816 | D:11     | Noticed an unseen horror
  8833 | D:11     | Killed an unseen horror
  8862 | D:11     | Got a shimmering lead amulet
  8952 | D:11     | Found a shadowy altar of Dithmenos.
  9068 | D:11     | Reached skill level 5 in Dodging
  9094 | D:11     | Found a staircase to the Lair.
  9245 | D:11     | Reached skill level 5 in Armour
  9555 | D:11     | Identified the amulet "Oraoc" {RegenMP rElec Dex+7} (You found it on level 11 of the Dungeon)
  9836 | D:12     | Noticed a deep elf mage
  9846 | D:12     | Killed a deep elf mage
 10002 | D:12     | Noticed a hill giant
 10011 | D:12     | Killed a hill giant
 10283 | D:12     | Noticed Fannar
 10302 | D:12     | Killed Fannar
 10311 | D:12     | Noticed a hill giant
 10355 | D:12     | Killed a hill giant
 10355 | D:12     | Reached XP level 12. HP: 76/94 MP: 12/12
 10760 | D:12     | Reached skill level 1 in Evocations
 10834 | D:12     | Noticed an ogre mage
 10862 | D:12     | Noticed Frances
 10882 | D:12     | Killed an ogre mage
 10884 | D:12     | Killed Frances
 10884 | D:12     | Received a gift from Trog
 10884 | D:12     | Reached skill level 10 in Fighting
 11605 | D:13     | Noticed a centaur warrior
 11612 | D:13     | Killed a centaur warrior
 11749 | D:13     | Found a gate to the Vaults.
 11849 | D:13     | You fall through a shaft for 2 floors!
 11849 | D:15     | Entered Level 15 of the Dungeon
 11852 | D:15     | Noticed a centaur warrior
 11867 | D:15     | Killed a centaur warrior
 11975 | D:15     | Found a staircase to the Depths.
 11975 | D:15     | Noticed a yaktaur captain
 11986 | D:15     | Killed a yaktaur captain
 12110 | D:15     | Noticed a tengu warrior
 12132 | D:15     | Killed a tengu warrior
 12295 | D:15     | Reached XP level 13. HP: 105/105 MP: 16/16
 13085 | D:13     | Found a corrupted altar of Lugonu.
 13175 | D:13     | Received a gift from Trog
 13415 | Lair:1   | Entered Level 1 of the Lair of Beasts
 13492 | Lair:1   | Noticed Grum
 13500 | Lair:1   | Killed Grum
 13672 | Lair:1   | Noticed Erica
 13683 | Lair:1   | Killed Erica
 14492 | Lair:2   | Gained mutation: You are robust. (+10% HP) [potion of beneficial mutation]
 14861 | Lair:3   | Found a staircase to the Snake Pit.
 14969 | Lair:3   | Found a labyrinth entrance.
 15010 | Lab      | Entered a labyrinth
 15293 | Lab      | Noticed a minotaur
 15300 | Lab      | Killed a minotaur
 15983 | Lair:4   | Received a gift from Trog
 16003 | Lair:4   | Noticed HAL9000's ghost (journeyman DrTm)
 16023 | Lair:4   | Killed HAL9000's ghost
 16041 | Lair:4   | Reached XP level 14. HP: 128/128 MP: 17/17
 16136 | Lair:4   | Found a staircase to the Shoals.
 16584 | Lair:5   | Found a staircase to the Slime Pits.
 16584 | Lair:5   | Found a viscous altar of Jiyva.
 16597 | Lair:5   | Reached ****** piety under Trog
 17202 | Lair:6   | Entered Level 6 of the Lair of Beasts
 17260 | Lair:6   | Noticed Snorg
 17270 | Lair:6   | Killed Snorg
 17339 | Lair:6   | Received a gift from Trog
 17572 | Lair:6   | Noticed Nessos
 17593 | Lair:6   | Killed Nessos
 17853 | Lair:6   | Reached skill level 15 in Axes
 18556 | Orc:1    | Entered Level 1 of the Orcish Mines
 18617 | Orc:1    | Found a dark tunnel.
 18627 | Volcano  | Entered a volcano
 18954 | Orc:1    | Received a gift from Trog
 18980 | Orc:1    | Noticed a stone giant
 18994 | Orc:1    | Killed a stone giant
 19480 | Orc:2    | Entered Level 2 of the Orcish Mines
 19587 | Orc:2    | Noticed Urug
 19612 | Orc:2    | Killed Urug
 19630 | Orc:2    | Reached skill level 15 in Fighting
 19646 | Orc:2    | Found a roughly hewn altar of Beogh.
 19648 | Orc:2    | Noticed an orc warlord
 19653 | Orc:2    | Lost mutation: You are robust. (+10% HP) [a neqoxec]
 19660 | Orc:2    | Gained mutation: Your body sometimes deteriorates upon taking damage. [a neqoxec]
 19665 | Orc:2    | Killed an orc warlord
 19665 | Orc:2    | Reached XP level 15. HP: 73/128 MP: 18/18
 19674 | Orc:2    | Found Oseceute's Antique Armour Shop.
 19907 | Orc:2    | Found Ofuyl Jyese's Antique Weapon Shop.
 20012 | Orc:2    | Found Eqihifax's General Store.
 20033 | Orc:2    | Bought a scroll of acquirement for 624 gold pieces
 20174 | Orc:2    | Received a gift from Trog
 20232 | Orc:2    | Got a translucent broad axe {god gift}
 20233 | Orc:2    | Identified the +10 broad axe "Torghai" {flame, rF+} (Trog gifted it to you on level 2 of the Orcish Mines)
 20508 | Orc:2    | Found a staircase to the Elven Halls.
 20555 | Orc:2    | Found Cearumor's Jewellery Shop.
 21995 | Depths:1 | Entered Level 1 of the Depths
 22043 | Depths:1 | Found a one-way gate leading to the halls of Pandemonium.
 22215 | Depths:1 | Found a magical portal.
 22229 | WizLab   | Entered Iskenderun's Mystic Tower
 22718 | WizLab   | Blown up by a conjurer statue

Vault maps used:
D:1:      dpeg_arrival_windows_large_door
D:2:      zin_scriptorium, first_bread, uniq_terence, uniq_iyjb, uniq_robin
D:4:      grunt_temple_overflow_champion_of_chaos, serial_shops, shop
D:5:      ashenzari_altar_1
D:6:      minmay_diamond_boxcup, basic_altar
D:7:      nicolae_overflow_crystal_walls, lemuel_crystal_altar,
          solitary_fountain, minmay_stone_trees_small, trog_hazing_becter
D:8:      vehumet_statue, gammafunk_temple_overflow_elements,
          hangedman_little_slice_of_home
D:9:      zombieorc2_lemuel, uniq_gastronok
D:10:     nicolae_looking_at_the_future
D:11:     due_lair_maze_entry_diamond, basic_altar, kennysheep_generic_room_3
D:12:     uniq_frances, uniq_fannar
D:13:     kennysheep_kobold_lugonu_temple, erik_vaults_1, corexii_checkpoint_a
D:14:     nicolae_whirlpool, hangedman_abyss_or_decor_clamps,
          corexii_leaking_fountain
D:15:     grunt_enter_depths_snipers, minivault_26
Lair:1:   lemuel_fruit_tree, uniq_erica, uniq_grum
Lair:2:   nicolae_quartered_pool_little
Lair:3:   kennysheep_abandoned_house, minmay_snake_entry_guardpost_small,
          lab_entry_generic
Lair:4:   elwin_shoals_entry_stream
Lair:5:   slime_altar_1
Lair:6:   grunt_lair_end_beastmaster, nicolae_quartered_pool_medium,
          ldierk_geyser, serial_bayou_ford_a, serial_bayou_shore_a, uniq_snorg,
          uniq_nessos
Orc:1:    nicolae_volcano_entry_hallway
Orc:2:    grunt_orc_cross
Depths:1: mu_enter_wizlab_1, hell_entry, nicolae_abyss_entry_one_way_or_another,
          rand_demon_pan_entry_9, serial_bayou_lake_a
Lab:      nicolae_lab_dead_adventurers, nicolae_lab_very_dead_end,
          nicolae_lab_grate, lab_fountain, nicolae_lab_t_cross,
          nicolae_lab_starburst, nicolae_lab_big_swirl
Volcano:  volcano_pools
WizLab:   wizlab_iskenderun

Skill      XL: |  1  2  3  4  5  6  7  8  9 10 11 12 13 14 15 |
---------------+----------------------------------------------+-----
Axes           | 3 4 5 7 9 10 11 12 14 15 16 | 16.9
Fighting       | 4 5 6 7 8 9 11 13 15 16 | 16.0
Armour         | 2 3 4 5 6 |  6.0
Dodging        | 2 3 4 6 |  6.2
Shields        | 5 7 8 |  8.8
Evocations     | 4 |  4.0

Action                   |  1- 3 |  4- 6 |  7- 9 | 10-12 | 13-15 || total
-------------------------+-------+-------+-------+-------+-------++-------
Melee: Hand axe          |    91 |   107 |    28 |       |       ||   226
       War axe           |       |       |   299 |   511 |   857 ||  1667
       Broad axe         |       |       |       |       |   130 ||   130
Invok: Trog's Hand       |       |       |     2 |     7 |    11 ||    20
       Berserk           |       |       |     2 |     6 |     6 ||    14
       Burn Spellbooks   |       |       |     1 |     4 |     1 ||     6
       Brothers in Arms  |       |       |       |       |     1 ||     1
Evoke: Wand              |       |       |       |       |     1 ||     1
  Use: Scroll            |     8 |     6 |    16 |     6 |    17 ||    53
       Potion            |       |       |       |       |     8 ||     8
 Stab: Invisible         |       |       |       |       |     3 ||     3
  Eat: Chunk             |     1 |     1 |    10 |    10 |     8 ||    30
       Meat ration       |     1 |       |       |       |     1 ||     2
       Beef jerky        |       |       |     1 |       |     2 ||     3
       Pizza             |       |       |     2 |       |     2 ||     4
       Royal jelly       |       |       |     1 |     7 |     4 ||    12
       Fruit             |       |       |       |     4 |    16 ||    20
       Bread ration      |       |       |       |       |     2 ||     2
Armor: Animal skin       |     3 |       |       |       |       ||     3
       Chain mail        |    17 |    54 |   164 |   218 |   284 ||   737
       Plate armour      |       |       |       |       |   112 ||   112
Dodge: Dodged            |    32 |    37 |   108 |   148 |   268 ||   593
Block: Shield            |       |       |    64 |   311 |   555 ||   930
